 Dungeon Crawl Stone Soup version 0.31-a0-175-g9f7f995f2b (webtiles) character file.

Game seed: 12151190690451778622

9522 qw the Skirmisher (level 11, 0/103 HPs)
             Began as a Naga Hunter on June 16, 2023.
             Was an Elder of Okawaru.
             Slain by a death yak (17 damage)
             ... on level 1 of the Lair of Beasts.
             The game lasted 00:02:59 (7888 turns).

qw the Skirmisher (Naga Hunter)                     Turns: 7888, Time: 00:02:59

Health: 0/103      AC: 21    Str: 14    XL:     11   Next: 47%
Magic:  24/24      EV: 11    Int: 13    God:    Okawaru [****..]
Gold:   599        SH:  0    Dex: 18    Spells: 10/10 levels left

rFire   + + .        Y - +1 arbalest (elec)
rCold   x x .        (shield currently unavailable)
rNeg    + . .        e - +2 ring mail of the Meager God {rCorr MP+9 Int+3}
rPois   +            (helmet restricted)
rElec   .            h - +0 cloak
rCorr   +            s - +0 pair of gloves
SInv    +            o - +1 barding "Musmeato" {rC- rN+ Regen+}
Will    +....        k - amulet of the acrobat
Stlth   +++          j - ring of protection from fire
HPRegen 1.17/turn    q - ring of fire
MPRegen 0.19/turn

%: acrobat, clarity
@: short of breath, heroic, very slow
A: AC +3, large, see invisible, deformed body, poison resistance, slowness 2,
spit poison 1, naga tail 1, horns 1, iridescent scales 1, clarity, screaming 1
a: Spit Poison, Renounce Religion, Heroism, Finesse


You were on level 1 of the Lair of Beasts.
You worshipped Okawaru.
Okawaru was greatly pleased with you.
You visited 3 branches of the dungeon, and saw 11 of its levels.

You collected 599 gold pieces.


Innate Abilities, Weirdness & Mutations

Your serpentine skin is tough. (AC +3)
You have supernaturally acute eyesight. (SInv)
Armour fits poorly on your strangely shaped body.
Your system is resistant to poisons. (rPois)
You cover ground very slowly.
You can spit poison.
You have a snake-like lower body.
You have a pair of small horns on your head.
You are partially covered in iridescent scales. (AC +2)
You possess an exceptional clarity of mind.
You occasionally shout uncontrollably at your foes.


   Skills:
 - Level 8.1(13.1) Fighting
 + Level 12.4(17.4) Ranged Weapons
 - Level 4.2(9.2) Armour
 - Level 4.5(9.5) Dodging
 - Level 1.5(6.5) Stealth
 + Level 5.8 Invocations


You had 10 spell levels left.
You didn't know any spells.
Your spell library was empty.

Inventory:

Hand Weapons
 Y - a +1 arbalest of electrocution (weapon)
Armour
 c - a +1 leather armour of fire resistance
 e - the +2 ring mail of the Meager God (worn) {rCorr MP+9 Int+3}
   (You found it on level 7 of the Dungeon)

   Int:       It affects your intelligence (+3).
   MP:        It affects your magic capacity (+9).
   rCorr:     It protects you from acid and corrosion.
 h - a +0 cloak (worn)
 i - a +1 hat of stealth
 o - the +1 barding "Musmeato" (worn) {rC- rN+ Regen+}
   (You acquired it on level 4 of the Dungeon)

   rC:        It makes you vulnerable to cold.
   rN:        It protects you from negative energy.
   Regen:     It increases your rate of health regeneration.
 s - a +0 pair of gloves (worn)
Jewellery
 j - a ring of protection from fire (left hand)
 k - an amulet of the acrobat (around neck)
 q - a ring of fire (right hand)
Scrolls
 a - 3 scrolls of teleportation
 m - a scroll of identify
Potions
 b - 4 potions of curing
 d - a potion of haste
 f - a potion of resistance
 g - 4 potions of mutation
 n - a potion of might
 r - a potion of magic

Dungeon Overview and Level Annotations

Branches:
Dungeon (9/15)             Temple (1/1) D:4            Lair (1/5) D:9
    Orc: D:9-12

Altars:
Ashenzari
Cheibriados
Dithmenos
Elyvilon
Fedhas
Gozag
Hepliaklqana
Kikubaaqudgha
Makhleb
Nemelex Xobeh
Okawaru
Qazlal
Ru
Sif Muna
Trog
Uskayaw
Vehumet
Wu Jian
Xom
Yredelemnul
Zin
The Shining One

Shops:
D:6 (


Message History

The komodo dragon bites you but does no damage.
You shoot a bolt. The bolt barely misses the death yak.
The black bear bites you but does no damage.
The black bear claws you but does no damage.
The black bear misses you. The death yak gores you!
You shoot a bolt. The bolt hits the death yak!
The death yak is lightly wounded.
The black bear barely misses you.
The black bear claws you but does no damage.
The black bear closely misses you. The death yak closely misses you.
You shoot a bolt. The bolt hits the death yak!!
The death yak is heavily wounded.
You hear a bellow!
The black bear bites you but does no damage.
The black bear claws you. The black bear completely misses you.
The death yak gores you! The death yak gores you.
You shoot a bolt. The bolt hits the death yak!
The death yak is heavily wounded.
You have got your breath back.
The death yak closely misses you.
A death yak comes into view.
The black bear bites you. The black bear closely misses you.
The black bear misses you. The death yak closely misses you.
The death yak gores you!
7886 ||| INVOKING Spit Poison.
Aiming: Spit Poison (1% risk of failure)
Press: ? - help, Shift-Dir - straight line, f/p - death yak The splash of poison hits the death yak.
The death yak is heavily wounded.
The death yak misses you. The death yak gores you.
You shoot a bolt. The bolt barely misses the death yak.
The bolt hits the komodo dragon but does no damage.
The death yak gores you but does no damage. x3
The death yak gores you!
You shoot a bolt. The bolt barely misses the death yak.
The bolt closely misses the komodo dragon.
The death yak gores you!
The death yak gores you but does no damage.
The death yak gores you!
You die...

##.## ##.##
. #..# ..
###.## ...
#...# ....
#..## .....
##.##
#....h#Y..#
#.P#
#...YY@.##
.....
......YY##
......
......Fl#
......
#######..
...... ##.
...... ..
...... ..
.....% ...
......


You could see 5 death yaks, a komodo dragon, a cane toad and a black bear.

Vanquished Creatures
  Gastronok (Lair:1)
  A death yak (Lair:1)
  Amaemon (Lair:1)
  An orange demon (Lair:1)
  Prince Ribbit (D:6)
  5 blink frogs
  Grinder (D:6)
  A shadow (D:9)
  5 wyverns
  4 yaks (D:9)
  Menkaure (D:5)
  4 water moccasins
  4 orc warriors
  4 ice beasts
  4 wolves (Lair:1)
  3 centaurs
  4 ogres
  2 kobold brigands
  2 phantoms
  7 bullfrogs
  Blork the orc (D:4)
  2 scorpions
  11 killer bees (D:9)
  4 hounds
  5 orc priests
  2 iguanas
  3 jellies
  A sleepcap (D:4)
  4 orc wizards
  4 gnolls
  9 adders
  2 ufetubi (D:5)
  3 worms
  2 dart slugs (D:3)
  18 orcs
  5 ball pythons
  A bat (D:1)
  4 endoplasms
  4 giant cockroaches
  22 goblins
  6 hobgoblins
  5 jackals
  4 quokkas
  3 frilled lizards
  22 kobolds
  8 rats
211 creatures vanquished.

Notes
Turn   | Place    | Note
-------+----------+-------------------------------------------
     0 | D:1      | qw the Naga Hunter began the quest for the Orb.
     0 | D:1      | Reached XP level 1. HP: 19/19 MP: 1/1
     0 | D:1      | 0 ||| qw: Version: 0.2-a-29-g511e9b1
     0 | D:1      | 0 ||| qw: Game counter: 5945
     0 | D:1      | 0 ||| qw: Always use a shield: true
     0 | D:1      | 0 ||| qw: God list: Okawaru
     0 | D:1      | 0 ||| qw: Allow faded altars: false
     0 | D:1      | 0 ||| qw: Do Orc after D:15 true
     0 | D:1      | 0 ||| qw: Do second Lair branch before Depths: true
     0 | D:1      | 0 ||| qw: Lair rune preference: random
     0 | D:1      | 0 ||| qw: Plans: Normal
     0 | D:1      | 0 ||| PLANNING D:1-11
    23 | D:1      | 23 ||| INVOKING Spit Poison.
    43 | D:1      | 43 ||| INVOKING Spit Poison.
    58 | D:1      | 58 ||| INVOKING Spit Poison.
    90 | D:1      | 90 ||| INVOKING Spit Poison.
    95 | D:1      | 95 ||| INVOKING Spit Poison.
    99 | D:1      | Reached skill level 4 in Ranged Weapons
    99 | D:1      | Reached XP level 2. HP: 19/26 MP: 2/2
   101 | D:1      | 101 ||| INVOKING Spit Poison.
   168 | D:1      | 168 ||| INVOKING Spit Poison.
   176 | D:1      | 176 ||| INVOKING Spit Poison.
   183 | D:1      | 183 ||| INVOKING Spit Poison.
   189 | D:1      | 189 ||| INVOKING Spit Poison.
   197 | D:1      | 197 ||| INVOKING Spit Poison.
   200 | D:1      | 200 ||| INVOKING Spit Poison.
   204 | D:1      | 204 ||| INVOKING Spit Poison.
   211 | D:1      | 211 ||| INVOKING Spit Poison.
   239 | D:1      | 239 ||| INVOKING Spit Poison.
   242 | D:1      | 242 ||| INVOKING Spit Poison.
   431 | D:1      | 431 ||| INVOKING Spit Poison.
   432 | D:1      | 432 ||| INVOKING Spit Poison.
   435 | D:1      | 435 ||| INVOKING Spit Poison.
   437 | D:1      | Reached XP level 3. HP: 32/32 MP: 3/3
   446 | D:1      | 446 ||| INVOKING Spit Poison.
   454 | D:1      | You fall into a shaft and drop 1 floor!
   464 | D:2      | 464 ||| INVOKING Spit Poison.
   468 | D:2      | 468 ||| INVOKING Spit Poison.
   477 | D:2      | 477 ||| INVOKING Spit Poison.
   517 | D:2      | 517 ||| UPGRADING to +0 helmet.
   522 | D:2      | 522 ||| UPGRADING to +0 cloak.
   527 | D:2      | 527 ||| UPGRADING to amulet of the acrobat.
   532 | D:2      | 532 ||| READING scroll labelled ZYMEAGURUD.
   533 | D:2      | 533 ||| READING scroll labelled HIRAER FIJE.
   534 | D:2      | 534 ||| READING scroll labelled TUH CEOM VIUJU.
   535 | D:2      | 535 ||| DROPPING scroll of butterflies.
   605 | D:1      | 605 ||| INVOKING Spit Poison.
   611 | D:1      | 611 ||| INVOKING Spit Poison.
   747 | D:1      | 747 ||| INVOKING Spit Poison.
   786 | D:1      | 786 ||| READING scroll labelled GIAPRY TUCO.
   786 | D:1      | Identified a scroll of acquirement
   786 | D:1      | 786 ||| ACQUIRING +0 arbalest of electrocution
   786 | D:1      | Acquired a +0 arbalest of electrocution
   788 | D:1      | 788 ||| UPGRADING to +0 arbalest of electrocution.
   789 | D:1      | 789 ||| DROPPING +1 shortbow of freezing.
   824 | D:2      | 824 ||| INVOKING Spit Poison.
   829 | D:2      | 829 ||| INVOKING Spit Poison.
   833 | D:2      | 833 ||| INVOKING Spit Poison.
   883 | D:2      | 883 ||| INVOKING Spit Poison.
   884 | D:2      | 884 ||| INVOKING Spit Poison.
   890 | D:2      | 890 ||| INVOKING Spit Poison.
   993 | D:2      | Reached skill level 5 in Ranged Weapons
   993 | D:2      | Reached XP level 4. HP: 39/39 MP: 4/4
   997 | D:2      | 997 ||| INVOKING Spit Poison.
  1080 | D:2      | 1080 ||| INVOKING Spit Poison.
  1096 | D:2      | 1096 ||| INVOKING Spit Poison.
  1454 | D:2      | Found an ancient bone altar of Kikubaaqudgha.
  1551 | D:2      | 1551 ||| READING 2 scrolls labelled CIPNOC TOWEG.
  1554 | D:2      | 1554 ||| READING scroll labelled VUAROFREOTH.
  1555 | D:2      | 1555 ||| READING scroll labelled HYHIEV TETEUCK.
  1556 | D:2      | 1556 ||| READING scroll labelled PAOJAW CECWAL.
  1557 | D:2      | 1557 ||| DRINKING 2 glowing orange potions.
  1557 | D:2      | Gained mutation: You are partially covered in iridescent
                  | scales. (AC +2) [potion of mutation]
  1557 | D:2      | Gained mutation: You have a pair of small horns on your
                  | head. [potion of mutation]
  1557 | D:2      | Gained mutation: You occasionally shout uncontrollably at
                  | your foes. [potion of mutation]
  1557 | D:2      | Gained mutation: You possess an exceptional clarity of
                  | mind. [potion of mutation]
  1558 | D:2      | 1558 ||| DROPPING +0 helmet.
  1624 | D:3      | 1624 ||| INVOKING Spit Poison.
  1696 | D:3      | 1696 ||| INVOKING Spit Poison.
  1698 | D:3      | 1698 ||| Stepping ~*~*~tactically~*~*~ (outnumbered).
  1701 | D:3      | 1701 ||| INVOKING Spit Poison.
  1704 | D:3      | 1704 ||| INVOKING Spit Poison.
  1708 | D:3      | 1708 ||| INVOKING Spit Poison.
  1798 | D:3      | Noticed an ogre
  1799 | D:3      | 1799 ||| INVOKING Spit Poison.
  1801 | D:3      | Killed an ogre
  1802 | D:3      | Reached skill level 3 in Fighting
  1802 | D:3      | Reached XP level 5. HP: 24/50 MP: 5/5
  1917 | D:3      | 1917 ||| INVOKING Spit Poison.
  1921 | D:3      | 1921 ||| INVOKING Spit Poison.
  1925 | D:3      | 1925 ||| INVOKING Spit Poison.
  1998 | D:3      | 1998 ||| READING scroll of enchant weapon.
  1998 | D:3      | 1998 ||| ENCHANTING +0 arbalest of electrocution.
  2127 | D:3      | 2127 ||| INVOKING Spit Poison.
  2130 | D:3      | 2130 ||| INVOKING Spit Poison.
  2133 | D:3      | 2133 ||| INVOKING Spit Poison.
  2329 | D:3      | Noticed an ogre
  2330 | D:3      | 2330 ||| INVOKING Spit Poison.
  2333 | D:3      | 2333 ||| INVOKING Spit Poison.
  2334 | D:3      | Killed an ogre
  2335 | D:3      | Reached skill level 6 in Ranged Weapons
  2335 | D:3      | Reached XP level 6. HP: 45/57 MP: 6/6
  2439 | D:3      | 2439 ||| INVOKING Spit Poison.
  2454 | D:3      | 2454 ||| INVOKING Spit Poison.
  2593 | D:3      | 2593 ||| INVOKING Spit Poison.
  2625 | D:3      | 2625 ||| INVOKING Spit Poison.
  2778 | D:3      | 2778 ||| UPGRADING to ring of protection from fire.
  2779 | D:3      | 2779 ||| READING scroll labelled QUMUIXELOF.
  2780 | D:3      | 2780 ||| READING scroll labelled GOIHAAZUDO.
  2781 | D:3      | 2781 ||| DRINKING 2 sedimented green potions.
  2787 | D:3      | 2787 ||| DROPPING potion of ambrosia.
  2863 | D:4      | 2863 ||| INVOKING Spit Poison.
  2865 | D:4      | Reached XP level 7. HP: 64/64 MP: 7/7
  2865 | D:4      | Found a staircase to the Ecumenical Temple.
  2866 | D:4      | 2866 ||| PLANNING TEMPLE
  2874 | Temple   | Entered the Ecumenical Temple
  2875 | Temple   | 2875 ||| PLANNING OKAWARU WORSHIP
  2881 | Temple   | Became a worshipper of Warmaster Okawaru
  2882 | Temple   | 2882 ||| PLANNING D:1-11
  2996 | D:4      | 2996 ||| READING scroll of acquirement.
  2996 | D:4      | 2996 ||| ACQUIRING +1 barding "Musmeato" {rC- rN+ Regen+}
  2996 | D:4      | Acquired the +1 barding "Musmeato" {rC- rN+ Regen+}
  2998 | D:4      | 2998 ||| UPGRADING to +1 barding "Musmeato" {rC- rN+
                  | Regen+}.
  3088 | D:4      | 3088 ||| INVOKING Spit Poison.
  3093 | D:4      | 3093 ||| INVOKING Spit Poison.
  3105 | D:4      | 3105 ||| INVOKING Spit Poison.
  3110 | D:4      | Reached skill level 1 in Armour
  3131 | D:4      | Found an opulent altar of Gozag.
  3151 | D:4      | Noticed Blork the orc
  3153 | D:4      | 3153 ||| INVOKING Spit Poison.
  3154 | D:4      | Killed Blork the orc
  3155 | D:4      | Reached skill level 7 in Ranged Weapons
  3210 | D:4      | 3210 ||| INVOKING Spit Poison.
  3266 | D:4      | 3266 ||| INVOKING Spit Poison.
  3269 | D:4      | 3269 ||| INVOKING Spit Poison.
  3273 | D:4      | Found a hide-covered altar of Uskayaw.
  3479 | D:4      | 3479 ||| INVOKING Spit Poison.
  3651 | D:4      | 3651 ||| UPGRADING to ring of fire.
  3652 | D:4      | 3652 ||| READING scroll labelled HUORUASKES.
  3653 | D:4      | 3653 ||| READING 2 scrolls of identify.
  3653 | D:4      | 3653 ||| IDENTIFYING white potion
  3673 | D:5      | Entered Level 5 of the Dungeon
  3790 | D:5      | Noticed Menkaure
  3794 | D:5      | Killed Menkaure
  3794 | D:5      | Reached * piety under Okawaru
  3795 | D:5      | Reached skill level 8 in Ranged Weapons
  3795 | D:5      | Reached XP level 8. HP: 72/72 MP: 8/8
  3796 | D:5      | Found a glowing silver altar of Zin.
  3824 | D:5      | 3824 ||| INVOKING Spit Poison.
  3827 | D:5      | 3827 ||| INVOKING Spit Poison.
  3959 | D:5      | 3959 ||| INVOKING Spit Poison.
  4067 | D:5      | Reached skill level 1 in Invocations
  4086 | D:5      | 4086 ||| INVOKING Spit Poison.
  4089 | D:5      | 4089 ||| INVOKING Spit Poison.
  4210 | D:5      | 4210 ||| INVOKING Spit Poison.
  4258 | D:5      | 4258 ||| INVOKING Heroism.
  4291 | D:5      | 4291 ||| INVOKING Heroism.
  4293 | D:5      | 4293 ||| INVOKING Spit Poison.
  4298 | D:5      | 4298 ||| INVOKING Spit Poison.
  4302 | D:5      | 4302 ||| INVOKING Spit Poison.
  4386 | D:5      | 4386 ||| INVOKING Heroism.
  4387 | D:5      | 4387 ||| INVOKING Spit Poison.
  4389 | D:5      | Reached skill level 3 in Invocations
  4391 | D:5      | 4391 ||| INVOKING Spit Poison.
  4395 | D:5      | 4395 ||| INVOKING Spit Poison.
  4423 | D:5      | 4423 ||| DRINKING 2 cyan potions.
  4424 | D:5      | 4424 ||| DROPPING potion of enlightenment.
  4454 | D:6      | Noticed Grinder
  4457 | D:6      | Noticed Prince Ribbit
  4458 | D:6      | 4458 ||| FLEEEEING.
  4463 | D:6      | 4463 ||| STAIRDANCE
  4477 | D:6      | 4477 ||| INVOKING Heroism.
  4483 | D:6      | Killed Grinder
  4505 | D:6      | 4505 ||| INVOKING Heroism.
  4507 | D:6      | Reached skill level 9 in Ranged Weapons
  4507 | D:6      | Reached XP level 9. HP: 81/81 MP: 9/12
  4559 | D:6      | 4559 ||| INVOKING Heroism.
  4581 | D:6      | 4581 ||| INVOKING Spit Poison.
  4582 | D:6      | 4582 ||| INVOKING Heroism.
  4584 | D:6      | 4584 ||| INVOKING Spit Poison.
  4587 | D:6      | 4587 ||| INVOKING Spit Poison.
  4588 | D:6      | Killed Prince Ribbit
  4589 | D:6      | Reached skill level 3 in Armour
  4632 | D:6      | Found Nupirph's Antique Weapon Emporium.
  4671 | D:6      | 4671 ||| INVOKING Heroism.
  4759 | D:6      | 4759 ||| INVOKING Spit Poison.
  4796 | D:6      | 4796 ||| INVOKING Spit Poison.
  4801 | D:6      | 4801 ||| INVOKING Spit Poison.
  4873 | D:6      | 4873 ||| DRINKING 2 sedimented inky potions.
  4903 | D:6      | 4903 ||| READING 2 scrolls of identify.
  4903 | D:6      | 4903 ||| IDENTIFYING red potion
  4904 | D:6      | 4904 ||| DROPPING potion of lignification.
  4939 | D:7      | 4939 ||| INVOKING Spit Poison.
  4943 | D:7      | 4943 ||| STAIRDANCE
  4945 | D:6      | 4945 ||| INVOKING Spit Poison.
  4950 | D:6      | 4950 ||| INVOKING Heroism.
  4951 | D:6      | 4951 ||| INVOKING Spit Poison.
  4993 | D:7      | 4993 ||| INVOKING Spit Poison.
  4995 | D:7      | Reached skill level 3 in Dodging
  5048 | D:7      | 5048 ||| INVOKING Heroism.
  5049 | D:7      | 5049 ||| Stepping ~*~*~tactically~*~*~ (outnumbered).
  5050 | D:7      | 5050 ||| INVOKING Spit Poison.
  5056 | D:7      | 5056 ||| INVOKING Spit Poison.
  5095 | D:7      | Identified the +2 ring mail of the Meager God {rCorr MP+9
                  | Int+3}
  5127 | D:7      | Reached skill level 6 in Fighting
  5132 | D:7      | 5132 ||| INVOKING Spit Poison.
  5288 | D:7      | 5288 ||| INVOKING Spit Poison.
  5338 | D:7      | 5338 ||| INVOKING Heroism.
  5339 | D:7      | 5339 ||| INVOKING Spit Poison.
  5343 | D:7      | 5343 ||| INVOKING Spit Poison.
  5382 | D:7      | Found a flagged portal.
  5383 | D:7      | 5383 ||| INVOKING Spit Poison.
  5386 | D:7      | 5386 ||| INVOKING Spit Poison.
  5508 | D:7      | Reached ** piety under Okawaru
  5561 | D:7      | 5561 ||| UPGRADING to +2 ring mail of the Meager God {rCorr
                  | MP+9 Int+3}.
  5571 | D:7      | 5571 ||| DROPPING +0 leather armour.
  5572 | D:7      | 5572 ||| UPGRADING to +0 pair of gloves.
  5624 | D:7      | 5624 ||| READING scroll labelled KEULISTR AGYKH.
  5625 | D:7      | 5625 ||| READING 3 scrolls of identify.
  5625 | D:7      | 5625 ||| IDENTIFYING pink potion
  5626 | D:7      | 5626 ||| READING 2 scrolls of identify.
  5626 | D:7      | 5626 ||| IDENTIFYING smoky white potion
  5722 | D:8      | 5722 ||| INVOKING Spit Poison.
  5725 | D:8      | 5725 ||| INVOKING Spit Poison.
  5763 | D:8      | 5763 ||| INVOKING Spit Poison.
  5766 | D:8      | 5766 ||| INVOKING Spit Poison.
  5816 | D:8      | 5816 ||| INVOKING Spit Poison.
  5818 | D:8      | Reached skill level 10 in Ranged Weapons
  5821 | D:8      | 5821 ||| INVOKING Spit Poison.
  5870 | D:8      | 5870 ||| INVOKING Spit Poison.
  5873 | D:8      | 5873 ||| INVOKING Heroism.
  5945 | D:8      | 5945 ||| INVOKING Spit Poison.
  5948 | D:8      | 5948 ||| INVOKING Spit Poison.
  6165 | D:8      | Reached XP level 10. HP: 85/92 MP: 13/13
  6176 | D:8      | 6176 ||| INVOKING Heroism.
  6177 | D:8      | 6177 ||| INVOKING Spit Poison.
  6182 | D:8      | 6182 ||| INVOKING Spit Poison.
  6403 | D:8      | 6403 ||| READING 3 scrolls of identify.
  6403 | D:8      | 6403 ||| IDENTIFYING sedimented brown potion
  6404 | D:8      | 6404 ||| READING 2 scrolls of identify.
  6404 | D:8      | 6404 ||| IDENTIFYING sapphire potion
  6405 | D:8      | 6405 ||| DROPPING potion of brilliance.
  6477 | D:9      | 6477 ||| INVOKING Spit Poison.
  6481 | D:9      | 6481 ||| INVOKING Spit Poison.
  6484 | D:9      | 6484 ||| INVOKING Spit Poison.
  6493 | D:9      | 6493 ||| INVOKING Spit Poison.
  6497 | D:9      | 6497 ||| INVOKING Spit Poison.
  6554 | D:9      | 6554 ||| INVOKING Spit Poison.
  6558 | D:9      | 6558 ||| INVOKING Spit Poison.
  6565 | D:9      | 6565 ||| INVOKING Spit Poison.
  6568 | D:9      | 6568 ||| INVOKING Spit Poison.
  6569 | D:9      | 6569 ||| INVOKING Heroism.
  6571 | D:9      | 6571 ||| INVOKING Spit Poison.
  6576 | D:9      | 6576 ||| INVOKING Spit Poison.
  6580 | D:9      | 6580 ||| INVOKING Spit Poison.
  6583 | D:9      | HP: 20/94 [yak (11)]
  6584 | D:9      | 6584 ||| READING 4 scrolls of teleportation.
  6585 | D:9      | 6585 ||| DRINKING potion of heal wounds.
  6586 | D:9      | 6586 ||| INVOKING Heroism.
  6587 | D:9      | 6587 ||| INVOKING Spit Poison.
  6590 | D:9      | Reached skill level 11 in Ranged Weapons
  6640 | D:9      | 6640 ||| INVOKING Spit Poison.
  6644 | D:9      | 6644 ||| INVOKING Spit Poison.
  6668 | D:9      | Found a staircase to the Lair.
  6675 | D:9      | 6675 ||| INVOKING Heroism.
  6681 | D:9      | 6681 ||| INVOKING Spit Poison.
  6681 | D:9      | Reached *** piety under Okawaru
  6732 | D:9      | 6732 ||| INVOKING Spit Poison.
  6733 | D:9      | 6733 ||| INVOKING Spit Poison.
  6757 | D:9      | 6757 ||| INVOKING Spit Poison.
  6758 | D:9      | 6758 ||| INVOKING Spit Poison.
  6930 | D:9      | 6930 ||| INVOKING Heroism.
  6932 | D:9      | 6932 ||| INVOKING Spit Poison.
  6937 | D:9      | 6937 ||| INVOKING Spit Poison.
  6940 | D:9      | 6940 ||| INVOKING Spit Poison.
  6946 | D:9      | Found a broken altar of Ashenzari.
  6995 | D:9      | Found a hazy altar of Hepliaklqana.
  7114 | D:9      | 7114 ||| INVOKING Spit Poison.
  7117 | D:9      | 7117 ||| INVOKING Spit Poison.
  7146 | D:9      | 7146 ||| INVOKING Spit Poison.
  7150 | D:9      | 7150 ||| INVOKING Spit Poison.
  7322 | D:9      | 7322 ||| INVOKING Spit Poison.
  7369 | D:9      | 7369 ||| PLANNING LAIR
  7369 | D:9      | 7369 ||| READING 2 scrolls of identify.
  7369 | D:9      | 7369 ||| IDENTIFYING golden potion
  7404 | Lair:1   | Entered Level 1 of the Lair of Beasts
  7405 | Lair:1   | 7405 ||| INVOKING Heroism.
  7406 | Lair:1   | 7406 ||| INVOKING Spit Poison.
  7411 | Lair:1   | 7411 ||| INVOKING Spit Poison.
  7414 | Lair:1   | Reached skill level 12 in Ranged Weapons
  7415 | Lair:1   | 7415 ||| STAIRDANCE
  7417 | D:9      | 7417 ||| INVOKING Spit Poison.
  7420 | D:9      | 7420 ||| INVOKING Spit Poison.
  7479 | Lair:1   | 7479 ||| INVOKING Heroism.
  7480 | Lair:1   | 7480 ||| INVOKING Spit Poison.
  7486 | Lair:1   | Reached XP level 11. HP: 103/103 MP: 14/14
  7633 | Lair:1   | Noticed Gastronok
  7634 | Lair:1   | 7634 ||| INVOKING Heroism.
  7635 | Lair:1   | 7635 ||| INVOKING Spit Poison.
  7639 | Lair:1   | 7639 ||| INVOKING Spit Poison.
  7642 | Lair:1   | 7642 ||| INVOKING Spit Poison.
  7643 | Lair:1   | Killed Gastronok
  7643 | Lair:1   | Reached **** piety under Okawaru
  7713 | Lair:1   | 7713 ||| INVOKING Spit Poison.
  7719 | Lair:1   | 7719 ||| INVOKING Spit Poison.
  7722 | Lair:1   | 7722 ||| INVOKING Heroism.
  7725 | Lair:1   | 7725 ||| INVOKING Spit Poison.
  7730 | Lair:1   | 7730 ||| INVOKING Spit Poison.
  7733 | Lair:1   | 7733 ||| INVOKING Spit Poison.
  7737 | Lair:1   | 7737 ||| INVOKING Spit Poison.
  7750 | Lair:1   | Noticed Amaemon
  7753 | Lair:1   | 7753 ||| INVOKING Heroism.
  7754 | Lair:1   | 7754 ||| INVOKING Spit Poison.
  7760 | Lair:1   | 7760 ||| INVOKING Spit Poison.
  7762 | Lair:1   | Killed Amaemon
  7767 | Lair:1   | 7767 ||| INVOKING Spit Poison.
  7874 | Lair:1   | Noticed a death yak
  7874 | Lair:1   | Noticed a death yak
  7874 | Lair:1   | Noticed a death yak
  7875 | Lair:1   | 7875 ||| INVOKING Heroism.
  7876 | Lair:1   | 7876 ||| INVOKING Spit Poison.
  7877 | Lair:1   | Noticed a death yak
  7877 | Lair:1   | Noticed a death yak
  7880 | Lair:1   | 7880 ||| INVOKING Spit Poison.
  7881 | Lair:1   | Killed a death yak
  7885 | Lair:1   | Noticed a death yak
  7886 | Lair:1   | 7886 ||| INVOKING Spit Poison.
  7888 | Lair:1   | HP: 17/103 [death yak (12)]
  7888 | Lair:1   | Slain by a death yak

Levels and vault maps discovered:
D:1:      spicycebolla_arrival_clurvy, layout_loops_ring, nicolae_wormholes
D:2:      layout_loops_corners, basic_altar, minmay_misc_feat_secret_circle
D:3:      layout_basic, minmay_randomly_rotated_circles
D:4:      layout_cave_pods, mainiacjoe_overflow_catch_the_wave,
          minmay_temple_entry_tees, uniq_blork_the_orc
D:5:      layout_basic, zin_academy, minmay_misc_feat_rows, corexii_shack,
          st_stairs_13, minmay_ogre_servants, uniq_menkaure
D:6:      layout_rooms, serial_shops, shop, corexii_corridor_pit, uniq_grinder,
          uniq_prince_ribbit1
D:7:      layout_basic, enter_bailey_3
D:8:      layout_gridville
D:9:      layout_gridville, mainiacjoe_overflow_catwalk_spiral,
          minmay_lair_entry_grove
Temple:   sentei_temple_godly_chess
Lair:1:   layout_cave_pods, hibernation_bobbens, uniq_gastronok, uniq_amaemon

Skill      XL: |  1  2  3  4  5  6  7  8  9 10 11 |
---------------+----------------------------------+-----
Ranged Weapons | 4 5 6 8 9 10 12 | 12.4
Fighting       | 3 4 5 6 8 |  8.1
Armour         | 1 3 4 |  4.2
Dodging        | 2 3 4 |  4.5
Invocations    | 4 5 |  5.8
Stealth        | |  1.5

Action                     |  1- 3 |  4- 6 |  7- 9 | 10-12 || total
---------------------------+-------+-------+-------+-------++-------
   Fire: Shortbow          |    58 |       |       |       ||    58
         Arbalest          |    14 |    49 |   169 |   149 ||   381
 Invoke: Heroism           |       |       |    12 |    11 ||    23
Ability: Spit Poison       |    30 |    22 |    47 |    48 ||   147
    Use: Scroll            |     4 |     7 |     7 |     4 ||    22
         Potion            |       |     2 |     2 |     1 ||     5
 Armour: Leather armour    |    12 |    19 |    48 |       ||    79
         Ring mail         |       |       |    18 |   151 ||   169
  Dodge: Dodged            |    10 |    18 |    43 |    99 ||   170

Table legend:
 A = Non-vault XP
 B = Vault XP
 C = Vault XP percentage of total XP
 D = Non-vault monster count
 E = Vault monster count
 F = Vault count percentage of total count
                 A         B        C        D         E       F
            +---------+---------+-------+---------+---------+-------
      Total |    7657 |    5947 |  43.7 |     168 |      43 |  20.4
            +---------+---------+-------+---------+---------+-------
        D:1 |      36 |       5 |  12.2 |      22 |       1 |   4.3
        D:2 |      63 |       0 |   0.0 |      20 |       0 |   0.0
        D:3 |     336 |       9 |   2.6 |      18 |       6 |  25.0
        D:4 |     349 |      94 |  21.2 |      19 |       1 |   5.0
        D:5 |     686 |     331 |  32.5 |      16 |      13 |  44.8
        D:6 |     597 |     535 |  47.3 |      12 |       2 |  14.3
        D:7 |     923 |       8 |   0.9 |      16 |       4 |  20.0
        D:8 |     895 |       0 |   0.0 |      13 |       0 |   0.0
        D:9 |    1452 |    2311 |  61.4 |      23 |      13 |  36.1
     Lair:1 |    2320 |    2654 |  53.4 |       9 |       3 |  25.0
            +---------+---------+-------+---------+---------+-------
